 Dungeon Crawl Stone Soup version 0.20-b1 (webtiles) character file.

121 Zwobot the Firebug (level 4, -5/30 HPs)
             Began as a Mummy Fire Elementalist on May 18, 2017.
             Killed from afar by an orc wizard (10 damage)
             ... with a puff of flame
             ... on level 3 of the Dungeon.
             The game lasted 00:06:04 (2583 turns).

Zwobot the Firebug (Mummy Fire Elementalist)        Turns: 2583, Time: 00:06:05

Health: -5/30      AC:  2    Str: 11    XL:     4   Next: 77%
Magic:  4/17       EV: 12    Int: 15    God:
Gold:   112        SH:  0    Dex: 12    Spells: 4/8 levels left

rFire    x . .     SeeInvis .   e - +2 short sword
rCold    + . .     Gourm    .   (no shield)
rNeg     + + +     Faith    .   a - +0 robe
rPois    ∞         Spirit   .   (no helmet)
rElec    .         Reflect  .   (no cloak)
rCorr    .         Harm     .   (no gloves)
MR       .....                  (no boots)
Stlth    ++........             (no amulet)
Regen    0.1/turn               i - ring of magical power
MPRegen  0.2/turn               (no ring)

@: no status effects
A: no food or potions, fire vulnerability, cold resistance 1, negative energy
resistance 3, torment resistance, unbreathing
a: no special abilities


You were on level 3 of the Dungeon.
You were not hungry.

You visited 1 branch of the dungeon, and saw 3 of its levels.

You collected 112 gold pieces.

Inventory:

Hand Weapons
 c - a +0 hunting sling
 e - a +2 short sword (weapon)
 j - a +0 hunting sling
Missiles
 d - 97 stones (quivered)
Armour
 a - a +0 robe (worn)
Jewellery
 i - a ring of magical power (left hand)
Books
 b - a book of Flames

   Spells                             Type                      Level
   a - Flame Tongue                   Conjuration/Fire             1
   b - Throw Flame                    Conjuration/Fire             2
   c - Conjure Flame                  Conjuration/Fire             3
   d - Inner Flame                    Hexes/Fire                   3
   e - Sticky Flame                   Conjuration/Fire             4
   f - Fireball                       Conjuration/Fire             5


   Skills:
 - Level 1.5 Dodging
 - Level 1.5 Stealth
 - Level 2.6 Spellcasting
 - Level 3.1 Conjurations
 + Level 3.2 Fire Magic


You had 4 spell levels left.
You knew the following spells:

 Your Spells              Type           Power        Failure   Level  Hunger
a - Flame Tongue          Conj/Fire      ##...        5%          1    N/A
b - Conjure Flame         Conj/Fire      ##......     17%         3    N/A

Dungeon Overview and Level Annotations

Branches:
Dungeon (3/15)

Altars:

Annotations:
D:3 Robin


Innate Abilities, Weirdness & Mutations

You do not eat or drink.
Your flesh is vulnerable to fire.
You are immune to poison.
Your flesh is cold resistant. (rC+)
You are immune to negative energy. (rN+++)
You are immune to unholy pain and torment.
You can survive without breathing.


Message History

The orc priest is almost dead.
The orc priest closely misses you. The rat misses you.
The orc wizard points at you and mumbles some strange words.
The magic dart hits you!
* * * LOW HITPOINT WARNING * * *
Unknown command.
The goblin shouts!
You hit the orc priest.
You kill the orc priest!
Your Fire Magic skill increases to level 3!
The rat bites you but does no damage.
The orc wizard gestures at you while chanting.
The puff of frost hits you! You resist.
* * * LOW HITPOINT WARNING * * *
The orc wizard gestures wildly while chanting.
The orc wizard blinks!
The rat barely misses you.
The orc wizard points at you and mumbles some strange words.
The puff of flame hits you! The fire burns you terribly!
You die...

......#....gggg#.###.#
.....g#....>gg.g......
#..(#########......
+...........^.†....
#..g###........##+#
#...# #........# #...#
#......... #...#
#........## #.@r#
#........# #...#
#........####
#?..§)o.............
#...o.o...###.%.....
#.........# #.o.....
########### #..oos..
#..o.... ########


You could see 3 orc wizards, 2 goblins and a rat.

Vanquished Creatures
  An orc priest (D:3)
  4 adders (D:2)
  An ooze (D:1)
  A worm (D:1)
  3 dart slugs
  A leopard gecko (D:1)
  2 ball pythons
  3 giant cockroaches
  5 goblins
  4 hobgoblins
  4 kobolds
  2 quokkas
  5 bats (D:2)
  5 frilled lizards
  3 rats
44 creatures vanquished.

Notes
Turn   | Place    | Note
-------+----------+-------------------------------------------
     0 | D:1      | Zwobot the Mummy Fire Elementalist began the quest for the Orb.
     0 | D:1      | Reached XP level 1. HP: 13/13 MP: 4/4
    14 | D:1      | Reached skill level 1 in Conjurations
   310 | D:1      | Reached XP level 2. HP: 19/19 MP: 1/5
   907 | D:2      | Reached XP level 3. HP: 20/24 MP: 1/7
  1477 | D:2      | Learned a level 3 spell: Conjure Flame
  1695 | D:2      | Reached XP level 4. HP: 11/30 MP: 1/8
  2474 | D:3      | Noticed Robin
  2583 | D:3      | Killed from afar by an orc wizard

Skill      XL: |  1  2  3  4 |
---------------+-------------+-----
Conjurations   | 1 2 3 |  3.1
Fire Magic     | 3 |  3.2
Dodging        | |  1.5
Stealth        | |  1.5
Spellcasting   | |  2.6

Action                   |  1- 3 |  4- 6 || total
-------------------------+-------+-------++-------
Melee: Short sword       |    14 |     9 ||    23
 Cast: Flame Tongue      |    62 |    27 ||    89
  Use: Scroll            |       |     5 ||     5
 Stab: Sleeping          |     4 |     1 ||     5
Armor: Robe              |     9 |     5 ||    14
Dodge: Dodged            |    22 |    26 ||    48
